 Dungeon Crawl Stone Soup version 0.23.2-1-ga50397a (webtiles) character file.

Game seed: 631324952358175034

224 Leeroy the Conjurer (level 5, -2/45 HPs)
             Began as a Draconian Conjurer on Apr 14, 2019.
             Slain by a worker ant (5 damage)
             ... on level 3 of the Dungeon.
             The game lasted 00:08:33 (3114 turns).

Leeroy the Conjurer (Draconian Conjurer)            Turns: 3114, Time: 00:08:34

Health: -2/45      AC:  5    Str: 10    XL:     5   Next: 67%
Magic:  8/8        EV: 17    Int: 16    God:
Gold:   113        SH:  0    Dex: 17    Spells: 2/8 levels left

rFire    . . .     SeeInvis .   d - +0 dagger (speed)
rCold    . . .     Gourm    .   (no shield)
rNeg     . . .     Faith    .   (armour unavailable)
rPois    .         Spirit   .   (helmet restricted)
rElec    .         Reflect  .   (no cloak)
rCorr    .         Harm     .   (no gloves)
MR       .....                  (no boots)
Stlth    +++.......             (no amulet)
HPRegen  0.15/turn              (no ring)
MPRegen  0.11/turn              (no ring)

@: agile
A: unfitting armour, cold-blooded, AC +5
a: no special abilities


You were on level 3 of the Dungeon.
You were very hungry.

You visited 1 branch of the dungeon, and saw 4 of its levels.

You collected 113 gold pieces.

Inventory:

Hand Weapons
 d - a +0 dagger of speed (weapon)
 f - a +0 hand crossbow
 m - a +0 dagger
 n - a +0 quarterstaff
 v - a +0 short sword
 w - a +0 hunting sling
Missiles
 c - 11 bolts
 j - 5 tomahawks of returning (quivered)
 k - 4 tomahawks
 r - 37 stones
 s - 15 sling bullets
Jewellery
 e - an uncursed amulet of faith {unknown}
 q - a cursed -5 ring of evasion {unknown}
Scrolls
 a - 2 scrolls of noise {unknown}
 g - 3 scrolls of fear {unknown}
 h - 2 scrolls of identify {unknown}
 i - 3 scrolls of teleportation {unknown}
 l - a scroll of fog {unknown}
 o - a scroll of amnesia {unknown}
 t - a scroll of immolation {unknown}
 u - 4 scrolls of magic mapping {unknown}
Comestibles
 b - 10 rations


   Skills:
 + Level 3.6 Fighting
 - Level 1.7 Dodging
 - Level 1.7 Stealth
 - Level 2.0 Spellcasting
 - Level 6.0 Conjurations


You had 2 spell levels left.
You knew the following spells:

 Your Spells              Type           Power        Failure   Level  Hunger
a - Magic Dart            Conj           ###.         1%          1    #......
b - Searing Ray           Conj           ###...       2%          2    ###....
c - Dazzling Spray        Conj/Hex       ##....       19%         3    ###....

Your spell library contained the following spells:

 Spells                   Type           Power        Failure   Level  Hunger
 Confusing Touch          Hex            #.....       21%         1    #......
 Iskenderun's Mystic Bla  Conj           ###.....     17%         4    #####..
 Confuse                  Hex            #.......     52%         3    ###....
 Gell's Gravitas          Tloc           #.........   52%         3    ###....
 Force Lance              Conj/Tloc      ##......     52%         4    #####..
 Fulminant Prism          Conj/Hex       ##........   52%         4    #####..
 Petrify                  Tmut/Erth      #.......     90%         4    #####..
 Metabolic Englaciation   Hex/Ice        #.........   99%         5    ######.
 Yara's Violent Unravell  Hex/Tmut       #.........   99%         5    ######.


Dungeon Overview and Level Annotations

Branches:
Dungeon (4/15)
 Temple: D:4-7

Altars:


Innate Abilities, Weirdness & Mutations

Your plain brown scales are hard. (AC +5)
You cannot fit into any form of body armour.
You are cold-blooded and may be slowed by cold attacks.


Message History

The worker ant closely misses you. x2
The orc shouts!
An orc comes into view. It is wielding a +0 mace.
The orc priest invokes the aid of Beogh against you.
Pain shoots through your body! The worker ant completely misses you.
The orc priest invokes the aid of Beogh against you.
Beogh smites you! The worker ant closely misses you.
There is a stone staircase leading up here.
The orc priest invokes the aid of Beogh against you.
Beogh smites you!
* * * LOW HITPOINT WARNING * * *
The worker ant bites you!
* * * LOW HITPOINT WARNING * * *
You climb upwards.
There is a stone staircase leading down here.
You feel agile all of a sudden. The worker ant bites you.
You die...

#..# #......##.#....<..#
#..# #.......#.#.......#
#..# #.......#.#.......#
#..# #.......#.#.......#
#..#####.......#.#.......##
#.....)............#......#
#....##########..#.#......#
#.....#......##.a#.#......#
#.....#.##......@#.#......#
#.....#.##.#.#####.#......#
#.....#....#.# ###.#......#
....#.#....#.###.....###.##
###.#....#.#....[....# #)#
#.###))#.#####.....# #.#
#.#....#.# ####### #.#
###.#.##.#.#### #.#
..............# #.#


You could see a worker ant.

Vanquished Creatures
  A bullfrog (D:3)
  A crimson imp (D:2)
  Terence (D:3)
  An adder (D:2)
  2 worms
  2 dart slugs
  A leopard gecko (D:1)
  2 orcs (D:3)
  12 bats
  4 giant cockroaches
  10 goblins
  7 hobgoblins
  3 jackals (D:1)
  10 kobolds
  3 quokkas
  A ball python (D:3)
  4 frilled lizards
  10 rats
75 creatures vanquished.

Notes
Turn   | Place    | Note
-------+----------+-------------------------------------------
     0 | D:1      | Leeroy the Draconian Conjurer began the quest for the Orb.
     0 | D:1      | Reached XP level 1. HP: 14/14 MP: 3/3
   156 | D:1      | Reached XP level 2. HP: 7/20 MP: 5/5
   750 | D:1      | Learned a level 2 spell: Searing Ray
   825 | D:1      | Reached skill level 5 in Conjurations
   869 | D:1      | Reached XP level 3. HP: 24/26 MP: 6/6
  1340 | D:2      | Reached XP level 4. HP: 31/33 MP: 7/7
  1345 | D:2      | Learned a level 3 spell: Dazzling Spray
  1394 | D:2      | Reached skill level 6 in Conjurations
  1871 | D:3      | Noticed Terence
  1938 | D:3      | HP: 1/34 [kobold/tomahawk of returning (1)]
  1945 | D:3      | Killed Terence
  1945 | D:3      | Reached skill level 1 in Fighting
  1945 | D:3      | Reached XP level 5. HP: 3/41 MP: 2/8
  3114 | D:3      | Slain by a worker ant

Skill      XL: |  1  2  3  4  5 |
---------------+----------------+-----
Conjurations   | 5 6 |  6.0
Fighting       | 1 3 |  3.6
Dodging        | |  1.7
Stealth        | |  1.7
Spellcasting   | |  2.0

Action                   |  1- 3 |  4- 6 || total
-------------------------+-------+-------++-------
Melee: Dagger            |   195 |   132 ||   327
       Tailslap          |    14 |    11 ||    25
 Cast: Magic Dart        |    16 |     6 ||    22
       Searing Ray       |     2 |     6 ||     8
  Use: Potion            |     1 |     5 ||     6
 Stab: Sleeping          |     6 |     3 ||     9
  Eat: Chunk             |     2 |     5 ||     7
Armor: Skin              |    58 |    38 ||    96
Dodge: Dodged            |   139 |    75 ||   214
